 Dungeon Crawl Stone Soup version 0.31-a0-261-g072fdb8a1f (webtiles) character file.

Game seed: 3736098001481006306

185 qw the Shooter (level 5, -2/45 HPs)
             Began as a Minotaur Hexslinger on July 13, 2023.
             Slain by a gnoll
             ... wielding a +0 spear
              (7 damage)
             ... on level 3 of the Dungeon.
             The game lasted 00:00:46 (2416 turns).

qw the Shooter (Minotaur Hexslinger)                Turns: 2416, Time: 00:00:47

Health: -2/45      AC:  2    Str: 12    XL:     5   Next: 37%
Magic:  5/5        EV: 12    Int: 10    God:
Gold:   29         SH:  0    Dex: 15    Spells: 5/6 levels left

rFire   . . .        Y - +1 sling
rCold   . . .        (no shield)
rNeg    . . .        c - +0 robe
rPois   .            (helmet restricted)
rElec   .            (no cloak)
rCorr   .            (no gloves)
SInv    .            (no boots)
Will    .....        (no amulet)
Stlth   +            (no ring)
HPRegen 0.27/turn    (no ring)
MPRegen 0.09/turn

%: no passive effects
@: no status effects
A: horns 2, retaliatory headbutt
a: no special abilities


You were on level 3 of the Dungeon.
You visited 1 branch of the dungeon, and saw 3 of its levels.

You collected 139 gold pieces.
You spent 110 gold pieces at shops.


Innate Abilities, Weirdness & Mutations

You have a pair of horns on your head.
You reflexively headbutt those who attack you in melee.


   Skills:
 - Level 3.0 Fighting
 + Level 5.6 Ranged Weapons
 - Level 2.1 Dodging
 - Level 1.0 Spellcasting
 - Level 2.0 Hexes


You had 5 spell levels left.
You knew the following spells:

 Your Spells              Type           Power      Damage    Failure   Level
a - Slow                  Hex            16%        N/A       16%         1

Your spell library contained the following spells:

 Spells                   Type           Power      Damage    Failure   Level
 Inner Flame              Hex/Fire       2%         N/A       56%         3
 Portal Projectile        Hex/Tloc       4%         N/A       56%         3
 Cause Fear               Hex            2%         N/A       83%         4

Inventory:

Hand Weapons
 Y - a +1 sling (weapon)
Armour
 c - a +0 robe (worn)
 h - a +0 ring mail
Scrolls
 a - a scroll of teleportation
 d - a scroll of identify
 k - a scroll of silence {unknown}
Potions
 b - a potion of heal wounds {unknown}
 e - 3 potions of curing
 f - a potion of lignification {unknown}
 g - a potion of magic {unknown}
 i - 3 potions of might
 j - 2 potions of berserk rage {unknown}

Dungeon Overview and Level Annotations

Branches:
Dungeon (3/15)

Altars:

Shops:
D:3 !


Message History

A gnoll comes into view. It is wielding a +0 spear.
A gnoll comes into view. It is wielding a +0 flail.
The gnoll hits you from afar with the +8 spear "Gof Sent" {flame, rElec Dex+2}!
The gnoll burns you.
2406 ||| Stepping ~*~*~tactically~*~*~ (outnumbered).
Found a stone staircase leading down.
Enter note:
Enter note:
Enter note:
Enter note: You shoot a sling bullet.
The sling bullet barely misses the gnoll.
You hear a shout!
The gnoll barely misses you.
You hear a shout!
You shoot a sling bullet.
The sling bullet closely misses the gnoll.
The gnoll hits you from afar with the +8 spear "Gof Sent" {flame, rElec Dex+2}.
The gnoll burns you.
You shoot a sling bullet. The sling bullet hits the gnoll.
The gnoll is heavily wounded.
The gnoll hits you from afar with the +8 spear "Gof Sent" {flame, rElec Dex+2}!
The gnoll burns you.
You shoot a sling bullet. The sling bullet hits the gnoll!
You kill the gnoll!
You hear a shout!
You start resting.
A gnoll is nearby!
You shoot a sling bullet. The sling bullet hits the gnoll.
The gnoll is heavily wounded.
You hear a shout!
You shoot a sling bullet.
The sling bullet hits the gnoll but does no damage.
The gnoll is heavily wounded.
The gnoll closely misses you. The gnoll hits you but does no damage.
You shoot a sling bullet. The sling bullet hits the gnoll.
The gnoll is heavily wounded.
The gnoll hits you with a +0 flail!
The gnoll hits you from afar with a +0 spear!
You die...

###.######.#.# #.# #.# ##.#.#
##.## #.#######.# ..###.#
#.###### #.......>.# ##.# ##
#......# ########..#### # #.#
#.####.# .gg..)........ # .#
#.####.##.#######......
###########......g..########.####
.....#......####g#####.........##
.....#..##### #@# #.####.#...#
##...#.## #.# #...... ###..#.###
#.# #...... .##..#...# #.#
#####..... .###.###.# #.#
#........# .# #.# #.# #.#
#.#####.## .# #.# #.# #.# ###
.###.# #.# #># ### ..)..# #.# ..#


You could see 2 gnolls.

Vanquished Creatures
  An orc priest (D:3)
  Natasha (thrice) (D:3)
  A gnoll (D:3)
  3 adders
  8 orcs (D:3)
  A bat (D:2)
  An endoplasm (D:2)
  2 giant cockroaches (D:3)
  5 goblins
  3 hobgoblins
  2 quokkas (D:3)
  4 ball pythons
  4 frilled lizards
  2 kobolds
  2 rats
42 creatures vanquished.

Notes
Turn   | Place    | Note
-------+----------+-------------------------------------------
     0 | D:1      | qw the Minotaur Hexslinger began the quest for the Orb.
     0 | D:1      | Reached XP level 1. HP: 16/16 MP: 1/1
     0 | D:1      | 0 ||| qw: Version: 0.3-a-52-g30416fa
     0 | D:1      | 0 ||| qw: Game counter: 7013
     0 | D:1      | 0 ||| qw: Melee chars always use a shield: true
     0 | D:1      | 0 ||| qw: God list: Okawaru
     0 | D:1      | 0 ||| qw: Allow faded altars: false
     0 | D:1      | 0 ||| qw: Do Orc after clearing Dungeon:15 true
     0 | D:1      | 0 ||| qw: Do second Lair branch before Depths: true
     0 | D:1      | 0 ||| qw: Lair rune preference: random
     0 | D:1      | 0 ||| qw: Goals: Normal
     0 | D:1      | 0 ||| PLANNING D:1-11
   735 | D:1      | 735 ||| READING scroll labelled YGILAT ECIU.
   736 | D:1      | 736 ||| DROPPING scroll of poison.
   790 | D:2      | 790 ||| STAIRDANCE
   825 | D:2      | Reached skill level 3 in Ranged Weapons
   837 | D:2      | Reached XP level 2. HP: 24/24 MP: 2/2
  1496 | D:2      | 1496 ||| READING 2 scrolls labelled UCHUSI EBOECRA.
  1501 | D:2      | 1501 ||| READING scroll labelled WUASTEAFEGOC.
  1553 | D:3      | Found Avi Toj's Distillery.
  1563 | D:3      | 1563 ||| SHOPLISTING 2 potions of haste (220 gold, have
                  | 117).
  1563 | D:3      | 1563 ||| SHOPLISTING 3 potions of haste (330 gold, have
                  | 117).
  1563 | D:3      | 1563 ||| BUYING potion of curing (33 gold).
  1563 | D:3      | Bought a potion of curing for 33 gold pieces
  1563 | D:3      | 1563 ||| BUYING potion of curing (33 gold).
  1563 | D:3      | Bought a potion of curing for 33 gold pieces
  1563 | D:3      | 1563 ||| SHOPLISTING potion of enlightenment (55 gold, have
                  | 51).
  1563 | D:3      | 1563 ||| SHOPLISTING potion of haste (110 gold, have 51).
  1563 | D:3      | 1563 ||| BUYING potion of might (44 gold).
  1563 | D:3      | Bought a potion of might for 44 gold pieces
  1580 | D:3      | Reached XP level 3. HP: 29/29 MP: 3/3
  1681 | D:3      | Noticed Natasha
  1684 | D:3      | Killed Natasha
  1685 | D:3      | Reached skill level 4 in Ranged Weapons
  1685 | D:3      | Reached XP level 4. HP: 36/36 MP: 4/4
  1775 | D:3      | 1775 ||| FLEEEEING.
  1804 | D:3      | 1804 ||| FLEEEEING.
  1805 | D:3      | 1805 ||| FLEEEEING.
  1806 | D:3      | 1806 ||| FLEEEEING.
  1807 | D:3      | 1807 ||| FLEEEEING.
  1808 | D:3      | 1808 ||| FLEEEEING.
  1809 | D:3      | 1809 ||| FLEEEEING.
  1810 | D:3      | 1810 ||| FLEEEEING.
  1811 | D:3      | 1811 ||| FLEEEEING.
  1814 | D:3      | 1814 ||| FLEEEEING.
  1815 | D:3      | 1815 ||| FLEEEEING.
  1816 | D:3      | 1816 ||| FLEEEEING.
  1817 | D:3      | 1817 ||| FLEEEEING.
  1818 | D:3      | 1818 ||| FLEEEEING.
  1819 | D:3      | 1819 ||| FLEEEEING.
  1823 | D:3      | Noticed Natasha
  1825 | D:3      | 1825 ||| Stepping ~*~*~tactically~*~*~ (outnumbered).
  1828 | D:3      | 1828 ||| Stepping ~*~*~tactically~*~*~ (outnumbered).
  1829 | D:3      | 1829 ||| Stepping ~*~*~tactically~*~*~ (outnumbered).
  1836 | D:3      | Killed Natasha
  1837 | D:3      | Reached skill level 5 in Ranged Weapons
  1844 | D:3      | 1844 ||| FLEEEEING.
  1845 | D:3      | 1845 ||| FLEEEEING.
  1916 | D:3      | Noticed Natasha
  1919 | D:3      | 1919 ||| Stepping ~*~*~tactically~*~*~ (outnumbered).
  1922 | D:3      | Killed Natasha
  1976 | D:3      | Reached XP level 5. HP: 38/44 MP: 5/5
  1979 | D:3      | Reached skill level 3 in Fighting
  2403 | D:3      | Identified the +8 spear "Gof Sent" {flame, rElec Dex+2}
  2406 | D:3      | 2406 ||| Stepping ~*~*~tactically~*~*~ (outnumbered).
  2416 | D:3      | HP: 5/45 [gnoll/+0 flail (11)]
  2416 | D:3      | Slain by a gnoll

Levels and vault maps discovered:
D:1:      sevenhm_arrival_forest_fort_large_2, layout_basic,
          nicolae_twisty_statue_hallways
D:2:      layout_loops_ring, kennysheep_crisscross
D:3:      minmay_recursive_quarters, layout_loops_ring, serial_shops, shop,
          uniq_natasha

Skill      XL: |  1  2  3  4  5 |
---------------+----------------+-----
Ranged Weapons | 3 4 5 |  5.6
Fighting       | 2 3 |  3.0
Dodging        | |  2.1
Spellcasting   | |  1.0
Hexes          | |  2.0

Action                     |  1- 3 |  4- 6 || total
---------------------------+-------+-------++-------
   Fire: Sling             |    80 |    85 ||   165
    Use: Scroll            |     3 |       ||     3
 Armour: Robe              |     4 |     7 ||    11
  Dodge: Dodged            |    30 |    31 ||    61

Table legend:
 A = Non-vault XP
 B = Vault XP
 C = Vault XP percentage of total XP
 D = Non-vault monster count
 E = Vault monster count
 F = Vault count percentage of total count
                 A         B        C        D         E       F
            +---------+---------+-------+---------+---------+-------
      Total |     197 |      68 |  25.7 |      31 |      11 |  26.2
            +---------+---------+-------+---------+---------+-------
        D:1 |       8 |       0 |   0.0 |       5 |       0 |   0.0
        D:2 |      26 |       0 |   0.0 |      10 |       0 |   0.0
        D:3 |     163 |      68 |  29.4 |      16 |      11 |  40.7
            +---------+---------+-------+---------+---------+-------
